 Dungeon Crawl Stone Soup version 0.30-b1-2-g02819fbbbe (webtiles) character file.

Game seed: 5093432601220733316

73981 Mesmaeker13 the Arsonist (level 14, -17/93 HPs)
             Began as a Demigod Fire Elementalist on June 28, 2023.
             Demolished by Rupert
             ... wielding a +2 vampiric battleaxe
              (21 damage)
             ... on level 2 of the Orcish Mines.
             The game lasted 00:43:42 (23622 turns).

Mesmaeker13 the Arsonist (DgFE)                    Turns: 23622, Time: 00:43:42

Health: -17/93     AC: 28    Str: 16      XL:     14   Next: 63%
Magic:  24/34      EV: 13    Int: 26 (29) God:
Gold:   1599       SH:  5    Dex: 14      Spells: 22/36 levels left

rFire   + + +        m - staff of fire
rCold   x . .        (no shield)
rNeg    . . .        o - +4 chain mail {rF+}
rPois   +            P - +2 helmet
rElec   .            E - +2 cloak
rCorr   .            M - +2 pair of gloves {Stlth+}
SInv    .            Q - +0 pair of boots
Will    +....        N - amulet of reflection Stlth
                     I - +5 ring of evasion
HPRegen 0.35/turn    p - ring "Wonuu" {Fire rPois Str+3}
MPRegen 0.24/turn

%: reflection
@: marked, studying Poison Magic, invisible
A: high MP 1, forlorn, divine attributes, subdued magic 1
a: no special abilities


You were on level 2 of the Orcish Mines.
You visited 3 branches of the dungeon, and saw 20 of its levels.
You also visited: Bailey.

You collected 1949 gold pieces.
You spent 350 gold pieces at shops.

Inventory:

Hand Weapons
 J - a +3 triple sword of holy wrath
Armour
 k - a +0 kite shield
 o - a +4 chain mail of fire resistance (worn)
 E - a +2 cloak (worn)
 M - a +2 pair of gloves of stealth (worn)
 P - a +2 helmet (worn)
 Q - a +0 pair of boots (worn)
Magical Staves
 m - a staff of fire (weapon)
Jewellery
 p - the ring "Wonuu" (right hand) {Fire rPois Str+3}
   (You acquired it on level 9 of the Dungeon)

   [ring of fire]

   It enhances your fire magic.
   Str:       It affects your strength (+3).
   rF:        It protects you from fire.
   rC:        It makes you vulnerable to cold.
   rPois:     It protects you from poison.
 w - a ring of wizardry
 A - a ring of protection from cold
 B - a ring of magical power
 I - a +5 ring of evasion (left hand)
 N - an amulet of reflection (around neck)
 S - the ring of the Garden {rPois rN+ Int+6}
   (You found it on level 2 of the Lair of Beasts)

   [ring of positive energy]

   Int:       It affects your intelligence (+6).
   rPois:     It protects you from poison.
   rN:        It protects you from negative energy.
Wands
 b - a wand of flame (19) (quivered)
 j - a wand of quicksilver (1)
Scrolls
 a - 2 scrolls of poison
 c - 3 scrolls of enchant weapon
 d - 4 scrolls of noise
 h - 10 scrolls of teleportation
 q - 2 scrolls of amnesia
 t - 2 scrolls of vulnerability {unknown}
 v - 2 scrolls of summoning {unknown}
 y - 3 scrolls of enchant armour
 G - 2 scrolls of immolation {unknown}
 L - 2 scrolls of torment
 O - a scroll of magic mapping
 R - 2 scrolls of blinking
 T - a scroll of silence {unknown}
Potions
 f - 3 potions of attraction
 i - 2 potions of ambrosia {unknown}
 l - 3 potions of brilliance
 r - 4 potions of haste
 u - 3 potions of lignification
 x - 2 potions of magic
 z - a potion of resistance {unknown}
 C - 4 potions of might
 D - 3 potions of curing
 F - 2 potions of flight
 H - 2 potions of invisibility
 K - 2 potions of cancellation {unknown}
Miscellaneous
 s - a phantom mirror


   Skills:
 + Level 12.1 Armour
 - Level 1.7 Dodging
 - Level 1.7 Stealth
 + Level 11.6 Spellcasting
 + Level 12.4 Conjurations
 - Level 5.0 Hexes
 + Level 12.7 Fire Magic


You had 22 spell levels left.
You knew the following spells:

 Your Spells              Type           Power      Damage    Failure   Level
a - Foxfire               Conj/Fire      100%       2x1d9     1%          1
b - Scorch                Fire           100%       2d9       1%          2
c - Flame Wave            Conj/Fire      96%        2d20      1%          4
d - Sticky Flame          Conj/Fire      96%        2d11      1%          4
e - Inner Flame           Hex/Fire       82%        N/A       1%          3

Your spell library contained the following spells:

 Spells                   Type           Power      Damage    Failure   Level
 Kiss of Death            Conj/Necr      100%       2d13      1%          1
 Slow                     Hex            100%       N/A       2%          1
 Iskenderun's Battlesphe  Conj           57%        2d11      3%          5
 Volatile Blastmotes      Fire/Tloc      100%       2d18      4%          3
 Confusing Touch          Hex            31%        N/A       9%          3
 Tukima's Dance           Hex            31%        N/A       9%          3
 Ignite Poison            Fire/Tmut/Pois 59%        N/A       12%         3
 Portal Projectile        Hex/Tloc       42%        N/A       24%         3
 Cigotuvi's Dreadful Rot  Necr/Pois/Air  22%        N/A       34%         2
 Irradiate                Conj/Tmut      18%        3d17      47%         5
 Gell's Gravitas          Tloc           11%        N/A       58%         3
 Teleport Other           Tloc           11%        N/A       58%         3
 Vampiric Draining        Necr           11%        2d6       58%         3
 Vhi's Electric Charge    Tloc/Air       22%        N/A       58%         3
 Freezing Cloud           Conj/Ice/Air   14%        6-21      77%         5
 Animate Dead             Necr           11%        N/A       94%         4
 Manifold Assault         Tloc           11%        N/A       94%         4
 Iron Shot                Conj/Erth      18%        9d4       96%         6
 Blade Hands              Tmut           5%         N/A       100%        5
 Borgnjor's Vile Clutch   Necr/Erth      5%         N/A       100%        5
 Death Channel            Necr           5%         N/A       100%        6
 Dispersal                Tloc           5%         N/A       100%        6
 Dragon Form              Tmut           5%         N/A       100%        7
 Spellforged Servitor     Conj/Summ      18%        N/A       100%        7
 Disjunction              Tloc           5%         N/A       100%        8


Dungeon Overview and Level Annotations

Branches:
Dungeon (13/15)            Temple (0/1) D:7            Lair (5/5) D:11
 Shoals (0/4) Lair:2       Spider (0/4) Lair:2        Slime (0/5) Lair:5
    Orc (2/2) D:12            Elf (0/3) Orc:2        Bailey (visited)
 Vaults: D:13-14

Shops:
D:10 =!(*(

Portals:
Abyss: D:10
Trove: D:12 (give +3 gold dragon scales)

Annotations:
D:4 Pikel
D:8 Erica, Joseph, Maurice
D:10 2 transporters, HumbleHazard's ghost, novice DECj
D:13 Kirke; Snorg
Lair:2 2 transporters
Orc:2 Rupert


Innate Abilities, Weirdness & Mutations

You have an increased reservoir of magic. (+10% MP)
You shall have no god before yourself.
Your divine heritage dramatically boosts your attributes as you level up.
Your spells are a little easier to cast, but a little less powerful.


Message History

Rupert is moderately wounded.
The flame wave engulfs the orc high priest!!
You kill the orc high priest!
The orange demon disappears in a puff of smoke!
The flame wave engulfs the orc warrior!!!
You kill the orc warrior!
You finish channelling waves of flame.
A centaur comes into view.
Rupert completely misses you.
The centaur shoots an arrow.
The arrow closely misses you.
The centaur shoots an arrow.
You block the arrow with an invisible shield... and reflect it back!
The arrow hits the centaur!
Casting: Flame Wave (mildly dangerous; 1% risk of failure)
Confirm with . or Enter, or press ? or * to list all spells.
Casting: Flame Wave (mildly dangerous; 1% risk of failure)
Press: ? - help, Dir - look around, f - activate
Okay, then.
Aiming: Quicksilver Bolt
Press: ? - help, Shift-Dir - straight line, f - Rupert
Aim: Rupert, wielding a +2 vampiric battleaxe and wearing a +0 leather armour (moderately wounded, berserk, 71% to hit)
The bolt of dispelling energy hits Rupert!!
Rupert is moderately wounded.
The centaur wields a +0 shortbow.
The centaur shoots an arrow.
The arrow closely misses you.
Rupert hits you with a +2 vampiric battleaxe!!
* * * LOW HITPOINT WARNING * * *
Rupert draws strength from your wounds!
The centaur shoots an arrow.
The arrow hits you.
* * * LOW HITPOINT WARNING * * *
A centaur comes into view.
Rupert closely misses you.
An orc sorcerer comes into view. It is wielding a +0 dagger.
The centaur shoots an arrow.
The arrow hits you.
* * * LOW HITPOINT WARNING * * *
The centaur shoots an arrow.
The arrow hits you but does no damage.
The centaur shoots an arrow.
The arrow hits you but does no damage.
Unknown command.
You fade into invisibility!
Rupert hits you with a +2 vampiric battleaxe!!
You die...

# ######### # ...
##..#.#..##.#.
....#.....$.......
...#..............
.......<..)))...#.
..........@@).....
.........$))......
............).....
..>...............
.................$
...o.cc...........
..##.cc...........
...c.........#.


You could see Rupert (berserk, unable to see you), a centaur warrior (unable to
see you), an orc sorcerer and 4 centaurs.

Vanquished Creatures
  A dire elephant (Lair:5)
  8 hydras
  4 catoblepae (Lair:5)
  2 death knights (D:13)
  19 death yaks
  A deep troll shaman (Lair:5)
  5 two-headed ogres
  An orc high priest (Orc:2)
  Urug (D:11)
  Sonja (D:13)
  3 skysharks
  A sun demon (D:12)
  Lodul (D:10)
  2 lindwurms (Lair:5)
  A deep elf pyromancer (D:12)
  An orc knight (Bailey)
  4 ugly things
  2 cyclopes
  An oklob plant (Lair:4)
  A merfolk siren (Lair:2)
  7 elephants
  6 black mambas
  A gargoyle (D:11)
  Maggie (Lair:1)
  2 smoke demons
  A torpor snail (Lair:4)
  16 cane toads
  16 komodo dragons
  A kobold demonologist (D:10)
  7 trolls
  A red devil (D:12)
  2 polar bears
  A hellwing (D:13)
  Grinder (D:3)
  Prince Ribbit (D:8)
  A blink frog (shapeshifter) (D:13)
  10 blink frogs
  Sigmund (D:2)
  A shadow (D:12)
  5 wyverns
  3 spriggans
  A vampire (D:9)
  2 hogs
  2 wraiths
  7 basilisks
  Grum (D:11)
  A steam dragon (D:10)
  43 yaks
  A redback (Lair:2)
  A neqoxec (D:13)
  7 vampire mosquitoes
  Menkaure (D:6)
  3 acid dragons
  A two-headed ogre zombie (D:12)
  19 water moccasins
  4 black bears
  2 ice beasts
  3 sky beasts
  14 orc warriors
  16 ogres
  4 centaurs
  10 wolves
  3 phantoms
  2 lemures (D:4)
  2 bullfrogs
  4 kobold brigands
  2 gnoll sergeants
  5 scorpions
  4 wights (D:7)
  2 troll zombies (D:12)
  11 killer bees
  3 electric eels
  A howler monkey (D:5)
  A hound (D:7)
  3 jellies
  9 orc priests
  Crazy Yiuf (D:2)
  A gnoll bouda (D:9)
  3 sleepcaps
  Ijyb (D:3)
  Terence (D:2)
  2 iguanas
  10 orc wizards
  Natasha (thrice) (D:3)
  13 hell rats
  5 ogre zombies (D:12)
  A mummy (D:4)
  11 gnolls
  5 adders
  A white imp (D:7)
  2 ufetubi
  2 worms (D:2)
  2 dart slugs
  50 orcs
  7 bats
  6 endoplasms
  5 giant cockroaches
  7 hobgoblins
  9 quokkas
  9 ball pythons
  4 frilled lizards
  7 goblins
  A hobgoblin skeleton (D:12)
  4 hobgoblin zombies (D:12)
  22 kobolds
  3 orc skeletons (D:12)
  17 orc zombies (D:12)
  9 rats
  A butterfly (Lair:3)
565 creatures vanquished.

Vanquished Creatures (collateral kills)
  10 foxfires
10 creatures vanquished.

Vanquished Creatures (others)
  Nessos (Orc:2)
  4 demonic plants (D:13)
  799 foxfires
  46 fungi
  73 plants
923 creatures vanquished.

Grand Total: 1498 creatures vanquished

Notes
Turn   | Place    | Note
-------+----------+-------------------------------------------
     0 | D:1      | Mesmaeker13 the Demigod Fire Elementalist began the quest
                  | for the Orb.
     0 | D:1      | Reached XP level 1. HP: 14/14 MP: 5/5
    86 | D:1      | Reached skill level 1 in Conjurations
   291 | D:1      | Reached XP level 2. HP: 20/20 MP: 2/7
   737 | D:1      | Reached XP level 3. HP: 26/26 MP: 6/9
  1316 | D:2      | Learned a level 2 spell: Scorch
  1431 | D:2      | Noticed Sigmund
  1532 | D:2      | Noticed Terence
  1607 | D:3      | Reached XP level 4. HP: 33/33 MP: 3/10
  1738 | D:3      | Noticed Ijyb
  1746 | D:3      | Killed Ijyb
  1747 | D:3      | Reached XP level 5. HP: 29/38 MP: 6/12
  1832 | D:3      | Noticed Grinder
  1844 | D:3      | Killed Grinder
  1845 | D:3      | Reached skill level 1 in Armour
  1845 | D:3      | Reached XP level 6. HP: 25/45 MP: 3/14
  2243 | D:3      | Noticed Natasha
  2263 | D:3      | Killed Natasha
  2271 | D:3      | Noticed Natasha
  2721 | D:3      | Killed Natasha
  2818 | D:3      | Noticed Natasha
  2824 | D:3      | Killed Natasha
  2920 | D:4      | Reached XP level 7. HP: 36/50 MP: 6/16
  3084 | D:4      | Learned a level 4 spell: Flame Wave
  3277 | D:4      | Reached skill level 5 in Fire Magic
  3309 | D:4      | Noticed Pikel
  3728 | D:5      | Entered Level 5 of the Dungeon
  4209 | D:5      | Reached XP level 8. HP: 44/57 MP: 7/18
  4426 | D:5      | Reached skill level 5 in Conjurations
  4636 | D:5      | Learned a level 4 spell: Sticky Flame
  4678 | D:5      | Reached skill level 5 in Spellcasting
  4848 | D:2      | Killed Sigmund
  5201 | D:2      | Killed Terence
  5249 | D:2      | Found a runed translucent door.
  5250 | D:2      | Noticed Crazy Yiuf
  5256 | D:2      | Killed Crazy Yiuf
  6165 | D:6      | Reached XP level 9. HP: 62/62 MP: 16/21
  6202 | D:6      | Noticed Menkaure
  6207 | D:6      | Killed Menkaure
  6208 | D:6      | Reached skill level 5 in Armour
  7167 | D:7      | Found a staircase to the Ecumenical Temple.
  8149 | D:8      | Noticed Prince Ribbit
  8165 | D:8      | Killed Prince Ribbit
  8201 | D:8      | Noticed Erica
  8476 | D:8      | Noticed Joseph
  8479 | D:8      | Noticed Maurice
  8582 | D:9      | Reached XP level 10. HP: 54/69 MP: 7/24
  8780 | D:9      | Found a flagged portal.
  8789 | Bailey   | Entered a bailey
  9433 | Bailey   | Noticed an orc knight
  9448 | Bailey   | Killed an orc knight
  9568 | Bailey   | Identified the +2 bardiche "Beastbane" {protect, rN+}
  9770 | D:9      | Noticed a green ugly thing
  9781 | D:9      | Killed a green ugly thing
  9963 | D:9      | Acquired the ring "Wonuu" {Fire rPois Str+3}
  9972 | D:10     | Entered Level 10 of the Dungeon
 10043 | D:10     | Noticed a two-headed ogre
 10047 | D:10     | Killed a two-headed ogre
 10131 | D:10     | Noticed Lodul
 10444 | D:10     | Found Uxo Vekh's Jewellery Boutique.
 10660 | D:10     | Noticed a sixfirhy
 10681 | D:10     | Noticed a two-headed ogre
 10683 | D:10     | Killed Lodul
 10684 | D:10     | Reached XP level 11. HP: 32/74 MP: 8/26
 10862 | D:10     | Killed a two-headed ogre
 11082 | D:10     | Found Nuelofui's Distillery.
 11082 | D:10     | Found Ciafudos's Assorted Antiques.
 11082 | D:10     | Found Ustruhet's Weapon Shop.
 11157 | D:10     | Found Minalipp's Weapon Shop.
 11267 | D:10     | Bought a pair of embroidered gloves for 210 gold pieces
 11267 | D:10     | Bought a lumpy filigree amulet for 140 gold pieces
 11297 | D:10     | Found a transporter.
 11357 | D:10     | Found a transporter.
 11357 | D:10     | Noticed a skeletal warrior
 11402 | D:10     | Found a one-way gate to the infinite horrors of the Abyss.
 11419 | D:10     | Noticed HumbleHazard's ghost (novice DECj)
 11796 | D:11     | Noticed Grum
 11816 | D:11     | Killed Grum
 11983 | D:11     | Noticed a two-headed ogre
 11990 | D:11     | Killed a two-headed ogre
 12281 | D:11     | Noticed Urug
 12722 | D:11     | Killed Urug
 12879 | D:11     | Found a staircase to the Lair.
 13022 | Lair:1   | Entered Level 1 of the Lair of Beasts
 13022 | Lair:1   | Noticed Maggie
 13026 | Lair:1   | Killed Maggie
 13110 | Lair:1   | Learned a level 3 spell: Inner Flame
 13275 | Lair:1   | Reached skill level 1 in Hexes
 13394 | Lair:1   | Reached skill level 10 in Fire Magic
 13547 | Lair:1   | Reached XP level 12. HP: 68/81 MP: 22/29
 14000 | Lair:1   | You fall into a shaft and drop 1 floor!
 14609 | Lair:2   | Reached skill level 10 in Conjurations
 14962 | Lair:2   | Found a hole to the Spider Nest.
 15161 | Lair:2   | Found a staircase to the Shoals.
 15357 | Lair:2   | Found a transporter.
 15433 | Lair:2   | Identified the +2 robe of the Eternal Void {Int+2}
 15438 | Lair:2   | Identified the ring of the Garden {rPois rN+ Int+6}
 15452 | Lair:2   | Found a transporter.
 15975 | Lair:3   | Noticed a seven-headed hydra
 15977 | Lair:3   | Noticed a six-headed hydra
 15985 | Lair:3   | Killed a seven-headed hydra
 15989 | Lair:3   | Killed a six-headed hydra
 15990 | Lair:3   | Reached skill level 10 in Armour
 16264 | Lair:3   | Noticed a five-headed hydra
 16275 | Lair:3   | Killed a five-headed hydra
 16276 | Lair:3   | Reached XP level 13. HP: 65/86 MP: 23/31
 16944 | Lair:3   | Reached skill level 10 in Spellcasting
 17042 | Lair:3   | Reached skill level 5 in Hexes
 18192 | Lair:5   | Entered Level 5 of the Lair of Beasts
 19798 | Lair:5   | Reached XP level 14. HP: 92/93 MP: 21/33
 20124 | Lair:5   | Found a staircase to the Slime Pits.
 21185 | D:12     | Found a staircase to the Orcish Mines.
 21369 | D:12     | Got the Textbook on the Wayfarer and the Cemetery
 21609 | D:12     | Found a portal to a secret trove of treasure.
 22179 | D:13     | Noticed Sonja
 22182 | D:13     | Killed Sonja
 22314 | D:13     | Gained mutation: Your spells are a little easier to cast,
                  | but a little less powerful. [a neqoxec]
 22317 | D:13     | Noticed Kirke
 22850 | D:13     | Identified the +7 falchion of Annihilation {spect, rElec
                  | Will+}
 23040 | D:13     | Noticed Snorg
 23169 | Orc:1    | Entered Level 1 of the Orcish Mines
 23611 | Orc:2    | Entered Level 2 of the Orcish Mines
 23611 | Orc:2    | Noticed Nessos
 23611 | Orc:2    | Found a staircase to the Elven Halls.
 23613 | Orc:2    | Noticed Rupert
 23619 | Orc:2    | Killed Nessos
 23621 | Orc:2    | HP: 4/93 [centaur/arrow (5)]
 23622 | Orc:2    | Demolished by Rupert

Illustrated notes

Levels and vault maps discovered:
D:1:      dpeg_arrival_arbitrary_c, layout_loops_ring
D:2:      minmay_evil_eye, layout_rooms, corexii_shack, uniq_crazy_yiuf_cottage,
          uniq_terence, uniq_sigmund
D:3:      layout_basic, uniq_ijyb, uniq_natasha, uniq_grinder
D:4:      layout_rooms, lemuel_tele_altar, slow_altar_1, hellmonk_no_cap,
          uniq_pikel
D:5:      layout_rooms, kennysheep_generic_room_5
D:6:      layout_layer_cave, gammafunk_temple_overflow_forgotten, uniq_menkaure
D:7:      layout_loops_ring, minmay_temple_entry_hall
D:8:      layout_rooms, uniq_joseph, uniq_prince_ribbit1, uniq_maurice,
          uniq_erica
D:9:      layout_basic, doesnt_xom_only_xom, serial_glass, glass_columns_b,
          glass_columns_a, glass_columns_a, glass_columns_a, glass_columns_a,
          glass_columns_b, enter_bailey_1
D:10:     layout_loops_cross, gammafunk_ghost_abyssal_escape,
          minmay_shop_grid_forest, minmay_shop_enchanted_jewellery,
          amcnicky_mini_pool_small, minmay_circle_x, uniq_lodul
D:11:     layout_basic, lair_entry_dummy, kennysheep_generic_room_7, uniq_urug,
          uniq_grum
D:12:     layout_roguey, zombieorc2_lemuel, nicolae_trove_entry_crossroad,
          nemelex_diamond_rough_becter
D:13:     nzn_winding_woodlands_medium [nzn_winding_woodlands_5x5_perimeter,
          nzn_winding_woodlands_5x15_default, nzn_winding_woodlands_hourglass,
          nzn_winding_woodlands_5x5_closed_star,
          nzn_winding_woodlands_center_garden,
          nzn_winding_woodlands_5x5_checkerboard,
          nzn_winding_woodlands_5x5_default, nzn_winding_woodlands_5x15_eye,
          nzn_winding_woodlands_5x5_three], layout_basic, serial_demonic,
          serial_demonic_c, serial_demonic_g, serial_demonic_b,
          serial_demonic_b, serial_demonic_c, serial_demonic_e,
          serial_demonic_e, serial_demonic_f, serial_demonic_d,
          serial_demonic_g, jiyva_altar_1, uniq_kirke, uniq_sonja, uniq_snorg
Lair:1:   layout_loops_ring, serial_rivers, chequers_serial_rivers_micro_e,
          chequers_serial_rivers_room_a, chequers_serial_rivers_micro_e,
          chequers_serial_rivers_small_3, chequers_serial_rivers_micro_e,
          chequers_serial_rivers_small_3, uniq_maggie
Lair:2:   gammafunk_worm_tunnel, layout_long_grid,
          minmay_shoals_entry_lonely_mermaid, spider_nest_entry_a,
          forest_entry_grove
Lair:3:   layout_gridlike, grunt_forest_large_clearing_hut, lemuel_fruit_fields,
          serial_bayou_shore_b
Lair:4:   layout_misc_corridors, gauntlet_entry_generic, grunt_megastairs_2,
          infiniplex_staircase_pool, serial_bayou_shore_b
Lair:5:   grunt_lair_end_beastmaster, layout_gridlike, slime_entry_1,
          serial_bayou_lake_a
Orc:1:    layout_caves
Orc:2:    st_orc_rangers, layout_caves, uniq_azrael, uniq_nessos, uniq_rupert

Skill      XL: |  1  2  3  4  5  6  7  8  9 10 11 12 13 14 |
---------------+-------------------------------------------+-----
Conjurations   | 1 2 3 4 5 7 8 9 10 11 12 | 12.4
Spellcasting   | 2 3 4 5 6 7 8 9 10 11 | 11.6
Fire Magic     | 3 4 5 6 7 8 10 12 | 12.7
Armour         | 1 2 3 4 6 7 9 10 11 12 | 12.1
Hexes          | 1 4 5 |  5.0
Dodging        | |  1.7
Stealth        | |  1.7

Action                     |  1- 3 |  4- 6 |  7- 9 | 10-12 | 13-15 || total
---------------------------+-------+-------+-------+-------+-------++-------
  Melee: Unarmed           |     1 |       |       |       |       ||     1
         Staff             |       |       |     3 |    22 |    31 ||    56
         Triple sword      |       |       |       |       |    25 ||    25
         Punch             |       |       |       |       |     1 ||     1
  Throw: Dart              |       |       |       |     4 |       ||     4
   Cast: Foxfire           |    79 |    63 |   159 |   111 |    70 ||   482
         Scorch            |     2 |    16 |    62 |    88 |    58 ||   226
         Flame Wave        |       |       |    12 |    35 |    47 ||    94
         Sticky Flame      |       |       |    10 |    68 |    73 ||   151
         Inner Flame       |       |       |       |     1 |    19 ||    20
  Evoke: Wand              |       |       |     6 |    56 |    14 ||    76
    Use: Potion            |       |     2 |     1 |       |     3 ||     6
         Scroll            |       |       |     7 |    12 |     8 ||    27
   Stab: Paralysed         |       |       |       |       |     1 ||     1
 Armour: Robe              |    10 |     5 |     4 |       |       ||    19
         Ring mail         |       |       |    65 |    31 |       ||    96
         Chain mail        |       |       |       |    89 |   270 ||   359
  Dodge: Dodged            |    27 |    38 |   105 |   234 |   226 ||   630
  Block: Other             |       |       |       |    43 |   100 ||   143
         Reflection        |       |       |       |       |     4 ||     4
